 Dungeon Crawl Stone Soup version 0.15-a0-35-ga771cbd (webtiles) character file.

1675 EvilAshe the Tainter (level 8, -5/31 HPs)
             Began as a Felid Venom Mage on Apr 1, 2014.
             Was a High Priest of Sif Muna.
             Slain by a centaur zombie (7 damage)
             ... on Level 10 of the Dungeon on Apr 2, 2014.
             The game lasted 01:23:02 (20183 turns).

EvilAshe the Tainter (Felid Venom Mage)            Turns: 20183, Time: 01:23:03

HP  -5/31        AC  2     Str  4      XL: 8   Next: 50%
MP  18/18        EV 22     Int 19      God: Sif Muna [*****.]
Gold 193         SH  0     Dex 18      Spells:  3 memorised,  2 levels left
Lives: 0, deaths: 2

rFire  + . .     SeeInvis +     (weapon unavailable)
rCold  . . .     Clarity  .     (armour unavailable)
rNeg   . . .     Conserve .     (shield unavailable)
rPois  .         rCorr    +     (helmet unavailable)
rElec  .         rRot     .     (cloak unavailable)
SustAb . .       Spirit   .     (gloves unavailable)
rMut   .         Warding  .     (boots unavailable)
Saprov . . .     Stasis   .     h - cursed amulet of resist corrosion
MR     +....                    n - ring of wizardry
                                g - ring of protection from fire

@: quick, somewhat resistant to hostile enchantments, very stealthy
A: paw claws, no armour, no weapons or thrown items, fangs 3, see invisible,
carnivore 3, speed 1, shaggy fur 2, slow metabolism 1, jump 2
a: Jump Attack, Channel Energy, Forget Spell, Renounce Religion


You were on level 10 of the Dungeon.
You worshipped Sif Muna.
Sif Muna was extremely pleased with you.
You were not hungry.

You visited 3 branches of the dungeon, and saw 12 of its levels.

You collected 617 gold pieces.
You spent 424 gold pieces at shops.

Inventory:

Magical devices
 p - a wand of polymorph (1)
 z - a wand of teleportation (3)
 C - a wand of lightning (0)
 F - a wand of paralysis (0)
Comestibles
 c - 2 meat rations
 x - 4 royal jellies
Scrolls
 a - 2 scrolls of recharging
 d - 2 scrolls of identify
 j - 3 scrolls of fear
 k - 2 scrolls of blinking
 l - 2 scrolls of magic mapping
 o - 2 scrolls of teleportation
 u - a scroll of noise {unknown}
 w - a scroll of enchant weapon II {unknown}
 y - 6 scrolls of remove curse
 G - a scroll of fog
 H - a scroll of enchant armour {unknown}
Jewellery
 g - a ring of protection from fire (left paw)
 h - a cursed amulet of resist corrosion (around neck)
 n - a ring of wizardry (right paw)
Potions
 e - a potion of resistance
 i - a potion of flight
 q - 4 potions of curing
 s - a potion of brilliance
 t - 4 potions of heal wounds
 E - a potion of magic
Books
 b - a Young Poisoner's Handbook

   Spells                             Type                      Level
   *Sting                             Conjuration/Poison           1
   Cure Poison                        Poison                       2
   *Mephitic Cloud                    Conjuration/Poison/Air       3
   Olgreb's Toxic Radiance            Poison                       4
   *Venom Bolt                        Conjuration/Poison           5
 r - a book of Beasts

   Spells                             Type                      Level
   Summon Butterflies                 Summoning                    1
   Call Canine Familiar               Summoning                    3
   Summon Ice Beast                   Ice/Summoning                4
   Summon Mana Viper                  Hexes/Summoning              5
   Monstrous Menagerie                Summoning                    6
   Summon Hydra                       Summoning                    7


   Skills:
 + Level 6.6 Dodging
 + Level 6.5 Stealth
 - Level 2.0 Spellcasting
 - Level 9.0 Conjurations
 - Level 3.1 Air Magic
 - Level 10.0 Poison Magic


You had 2 spell levels left.
You knew the following spells:

 Your Spells              Type           Power        Failure   Level  Hunger
a - Sting                 Conj/Pois      ####         1%          1    #......
m - Mephitic Cloud        Conj/Pois/Air  ####....     1%          3    ####...
v - Venom Bolt            Conj/Pois      #####.....   4%          5    ######.


Dungeon Overview and Level Annotations

Branches:
Dungeon (10/15)            Temple (1/1) D:4             Orc (0/4) D:9
   Lair (1/8) D:8

Altars:
Ashenzari
Dithmenos
Fedhas
Kikubaaqudgha
Makhleb
Nemelex Xobeh
Sif Muna
Xom
Yredelemnul
Zin
The Shining One
Jiyva

Shops:
D:9 ([?

Annotations:
D:3 Grinder
D:6 exclusion: ice beast
D:9 1 exclusion


Innate Abilities, Weirdness & Mutations

You cannot wear armour.
You are incapable of wielding weapons or throwing items.
Your paws have sharp claws.
You have razor-sharp teeth.
You have supernaturally acute eyesight.
You are carnivorous and can eat meat at any time.
You cover ground quickly.
You are covered in thick fur (AC +2).
You have a slow metabolism.
You can jump attack at a medium distance.


Message History

A killer bee comes into view!
The centaur zombie barely misses you!
The killer bee buzzes angrily!
The centaur zombie hits you! x2
The centaur zombie hits you!!!
* * * LOW HITPOINT WARNING * * *
The centaur zombie misses you! The centaur zombie barely misses you!
The centaur zombie misses you! The centaur zombie closely misses you!
The centaur zombie barely misses you!
A killer bee comes into view!
The killer bee moves out of view!
The centaur zombie misses you! The centaur zombie hits you!
* * * LOW HITPOINT WARNING * * *
The centaur zombie hits you!
* * * LOW HITPOINT WARNING * * *
The centaur zombie completely misses you!
The centaur zombie misses you! The centaur zombie misses you!
The centaur zombie hits you!!!
You die!!!

### ..# #.###
.... #..##
##...##
#.######.....#
#.....kZ@...#
k#########.##
#.# #.# ##'##
##...##
##.....##
#.......#
#.........#


You could see 2 killer bees and a centaur zombie.

Vanquished Creatures
  A troll (D:8)
  A wyvern (D:8)
  Eustachio (D:6)
  3 yaks (D:9)
  2 wolves (D:8)
  Edmund (D:6)
  A hippogriff (D:9)
  A water moccasin (D:10)
  2 yellow wasps
  A porcupine (Lair:1)
  2 orc warriors (D:9)
  2 sky beasts
  An ice beast (D:9)
  2 giant goldfish (D:8)
  2 centaurs
  3 ogres
  Sigmund (D:2)
  2 big kobolds
  6 giant frogs
  12 killer bees
  4 scorpions
  A quasit (D:10)
  A hippogriff skeleton (D:8)
  3 electric eels (D:8)
  A centaur zombie (D:10)
  9 hounds
  3 big fish (D:8)
  Crazy Yiuf (D:2)
  2 gnoll shamans
  4 iguanas
  A black bear skeleton (D:9)
  2 giant frog skeletons
  2 orc priests
  Natasha (thrice) (D:6)
  7 orc wizards
  11 worker ants
  Ijyb (D:5)
  A sky beast zombie (D:8)
  A hound zombie (D:5)
  A big kobold skeleton (D:9)
  A mummy (D:8)
  A worker ant zombie (D:8)
  7 gnolls
  2 orc zombies
  7 adders
  A giant mite (D:4)
  5 worms
  5 shadow imps
  2 giant eyeballs
  6 giant geckos
  9 oozes
  19 orcs
  8 giant cockroaches
  18 goblins
  13 hobgoblins
  22 jackals
  26 kobolds
  3 quokkas
  3 ball pythons
  14 bats
  3 giant newts
  A giant spore (D:10)
  A goblin zombie (D:7)
  A quokka zombie (D:6)
  11 rats
  A rat zombie (D:7)
  A ballistomycete (D:10)
297 creatures vanquished.

Vanquished Creatures (others)
  2 giant spores (D:10)
  3 ballistomycetes (D:10)
5 creatures vanquished.

Grand Total: 302 creatures vanquished

Notes
Turn   | Place    | Note
--------------------------------------------------------------
     0 | D:1      | EvilAshe, the Felid Venom Mage, began the quest for the Orb.
     0 | D:1      | Reached XP level 1. HP: 7/7 MP: 4/4
   250 | D:1      | Reached skill level 4 in Poison Magic
   264 | D:1      | Reached XP level 2. HP: 4/11 MP: 0/5
  1467 | D:1      | Reached XP level 3. HP: 14/14 MP: 6/8
  1472 | D:1      | Learned a level 3 spell: Mephitic Cloud
  2010 | D:2      | Found a shattered altar of Ashenzari.
  2200 | D:2      | Reached skill level 1 in Conjurations
  2200 | D:2      | Reached skill level 1 in Air Magic
  2275 | D:2      | Noticed Sigmund
  2346 | D:2      | Reached XP level 4. HP: 18/18 MP: 10/10
  2448 | D:2      | Noticed Crazy Yiuf
  2472 | D:2      | Killed Crazy Yiuf
  2504 | D:2      | Found a deep blue altar of Sif Muna.
  2510 | D:2      | Became a worshipper of Sif Muna the Loreminder
  2666 | D:3      | Noticed Grinder
  2717 | D:2      | Killed Sigmund
  2717 | D:2      | Reached skill level 5 in Poison Magic
  2717 | D:2      | Reached XP level 5. HP: 17/21 MP: 0/12
  2868 | D:3      | Found a viscous altar of Jiyva.
  3625 | D:4      | Gained mutation: You are covered in thick fur (AC +2). [growing up]
  3625 | D:4      | Gained mutation: You can jump attack at a medium distance. [growing up]
  3625 | D:4      | Reached XP level 6. HP: 24/24 MP: 5/14
  4005 | D:5      | Entered Level 5 of the Dungeon
  4299 | D:5      | Acquired Sif Muna's first power
  4561 | D:5      | Noticed Ijyb
  5005 | D:5      | Reached XP level 7. HP: 11/27 MP: 17/17
  5186 | D:5      | Killed Ijyb
  5270 | D:5      | Reached skill level 6 in Poison Magic
  5388 | D:4      | Found a staircase to the Ecumenical Temple.
  5398 | Temple   | Entered the Ecumenical Temple
  5563 | D:5      | Found a blossoming altar of Fedhas.
  5861 | D:5      | Found a basalt altar of Yredelemnul.
  6261 | D:5      | Learned a level 5 spell: Venom Bolt
  6304 | D:6      | Paralysed by a giant eyeball for 2 turns
  6313 | D:6      | Noticed Edmund
  6361 | D:6      | Killed Edmund
  6361 | D:6      | Acquired Sif Muna's second power
  6558 | D:6      | Reached XP level 8. HP: 26/31 MP: 11/18
  6726 | D:6      | Reached skill level 5 in Conjurations
  6874 | D:6      | Noticed Natasha
  6927 | D:6      | Killed Natasha
  6927 | D:6      | Reached skill level 7 in Poison Magic
  7413 | D:6      | Noticed Natasha
  7424 | D:6      | Killed Natasha
  7715 | D:6      | Noticed Eustachio
  7744 | D:6      | Killed Eustachio
  8839 | D:7      | Reached skill level 8 in Poison Magic
  9399 | D:6      | Noticed Natasha
  9402 | D:6      | Killed Natasha
 10034 | D:8      | Reached XP level 9. HP: 32/34 MP: 13/19
 10233 | D:8      | Noticed a troll
 11203 | D:8      | Found a staircase to the Lair.
 11419 | D:8      | Acquired Sif Muna's third power
 11419 | D:8      | Reached skill level 9 in Poison Magic
 11607 | D:8      | Killed a troll
 14818 | Lair:1   | Entered Level 1 of the Lair of Beasts
 14823 | Lair:1   | Reached skill level 10 in Poison Magic
 14823 | Lair:1   | Reached XP level 10. HP: 28/37 MP: 17/21
 14902 | Lair:1   | Noticed a black mamba
 15528 | D:9      | Found Stauqayvun's Weapon Boutique.
 15607 | D:9      | Found a staircase to the Orcish Mines.
 15608 | D:9      | Found Efitoidi's Armour Boutique.
 15741 | D:8      | Upgraded the game from 0.15-a0-33-ga435e27 to 0.15-a0-35-ga771cbd
 15906 | D:9      | Found Freubruk's Magic Scroll Shop.
 15916 | D:9      | Bought a scroll of blinking for 120 gold pieces
 15917 | D:9      | Bought a scroll of magic mapping for 56 gold pieces
 15917 | D:9      | Bought 2 scrolls of remove curse for 96 gold pieces
 15917 | D:9      | Bought a scroll of recharging for 152 gold pieces
 16363 | D:9      | Found a basalt altar of Yredelemnul.
 16476 | D:9      | Reached skill level 5 in Dodging
 17034 | D:9      | Reached skill level 5 in Stealth
 17570 | D:10     | Entered Level 10 of the Dungeon
 20121 | D:10     | HP: 1/37 [hungry ghost (1)]
 20125 | D:10     | Slain by a hungry ghost
 20126 | D:10     | Reached XP level 9. HP: -4/34 MP: 19/19
 20145 | D:10     | HP: 1/34 [iguana (11)]
 20148 | D:10     | Slain by an iguana
 20149 | D:10     | Reached XP level 8. HP: -3/31 MP: 18/18
 20183 | D:10     | Slain by a centaur zombie

Action                   |  1- 3 |  4- 6 |  7- 9 | 10-12 || total
-------------------------+-------+-------+-------+-------++-------
Melee: Unarmed           |    29 |   125 |   420 |   306 ||   880
 Cast: Sting             |    89 |   105 |   401 |   108 ||   703
       Mephitic Cloud    |       |     8 |    43 |    14 ||    65
       Venom Bolt        |       |       |       |    13 ||    13
Evoke: Wand              |       |       |    29 |    12 ||    41
  Use: Scroll            |       |       |    11 |     3 ||    14
 Stab: Confused          |       |     2 |     8 |     1 ||    11
       Paralysed         |       |       |    13 |    15 ||    28
       Sleeping          |       |       |     2 |     2 ||     4
       Distracted        |       |       |     2 |     1 ||     3
